Map: Backwater LE

Players

PandaBearMe

  • Race: Zerg Zerg
  • Spawn Location: 5:00

SpeCial - Winner!

  • Race: Terran Terran
  • Spawn Location: 11:00

Event: IEM Season 12 - PyeongChang

VOD

Have the link to the VOD?

Description

Time

  • Played on: Feb. 4, 2018, 9:47 p.m.
  • Length: 10:05

All games in this series

Show
View Real Time Build Order
Export as new Build Order

PandaBearMe Zerg 

Build Orders: Hatch First 

Get SALT Encoding   

  12  0:02  Drone  
  13  0:12  Overlord  
  13  0:16  Drone  
  14  0:30  Drone x2  
  16  0:48  Hatchery  
  15  0:52  Drone  
  15  0:55  Drone  
  17  0:58  Drone  
  17  1:01  Extractor  
  17  1:14  Spawning Pool  
  17  1:17  Drone  
  17  1:20  Drone  
  18  1:28  Drone  
  19  1:41  Drone  
  20  1:49  Overlord  
  20  2:00  Queen  
  20  2:01  Queen, Metabolic Boost  
  22  2:05  Zergling x2  
  26  2:08  Zergling x2  
  26  2:15  Drone x2  
  28  2:23  Drone x2  
  29  2:45  Zergling x2  
  29  2:47  Hatchery  
  29  2:57  Queen  
  32  2:58  Drone x3  
  32  2:59  Drone  
  35  3:12  Overlord, Drone  
  36  3:24  Overlord  
  36  3:30  Spore Crawler  
  36  3:31  Drone x2  
  36  3:33  Drone  
  39  3:36  Queen x2  
  39  3:38  Overlord  
  43  3:45  Zergling x4  
  43  3:46  Overlord, Drone  
  46  3:53  Drone x2  
  48  3:56  Drone x2  
  50  4:04  Overlord  
  50  4:05  Drone x3  
  50  4:06  Drone x2  
  55  4:10  Drone  
  55  4:15  Drone x2  
  58  4:18  Drone x2  
  58  4:22  Drone x2  
  62  4:30  Extractor, Lair  
  62  4:31  Extractor  
  60  4:32  Baneling Nest, Drone  
  60  4:33  Zergling x2  
  60  4:34  Zergling x2  
  53  4:47  Overlord  
  53  4:48  Drone x3  
  53  4:49  Drone x5  
  61  4:53  Drone  
  61  4:56  Drone  
  61  5:02  Drone  
  61  5:04  Drone  
  63  5:09  Spore Crawler, Drone  
  63  5:11  Overlord, Spore Crawler  
  62  5:15  Zergling x2  
  62  5:17  Baneling x4  
  62  5:18  Baneling, Zergling x8  
  62  5:19  Zergling x2  
  68  5:22  Zergling x4  
  68  5:26  Zergling x2  
  68  5:27  Zergling x2  
  72  5:30  Zergling x6  
  72  5:31  Zergling x2  
  72  5:32  Overseer  
  72  5:35  Drone  
  75  5:43  Overlord  
  75  5:45  Drone x2  
  75  5:49  Drone x2  
  79  5:55  Drone x3  
  82  6:00  Drone x4  
  82  6:02  Drone  
  87  6:06  Overlord  
  84  6:11  Drone x2  
  84  6:13  Centrifical Hooks  
  84  6:15  Evolution Chamber, Drone  
  84  6:16  Evolution Chamber, Extractor, Hydralisk Den, Drone  
  84  6:17  Extractor  
  83  6:19  Drone x2  
  83  6:20  Drone  
  83  6:25  Drone  
  87  6:39  Roach Warren  
  82  6:40  Baneling, Zergling x2  
  82  6:41  Baneling x2  
  82  6:44  Baneling x3, Zergling x4  
  85  6:52  Baneling x2  
  81  6:57  Baneling x2  
  81  7:00  Zergling x20  
  81  7:01  Zergling x2  
  88  7:05  Zergling x2  
  88  7:08  Zergling x2  
  84  7:09  Zergling x2  
  84  7:15  Zergling x6  
  77  7:16  Zergling x2  
  74  7:24  Roach  
  74  7:25  Roach  
  74  7:26  Roach  
  74  7:29  Grooved Spines, Extractor  
  74  7:30  Hatchery  
  74  7:31  Roach  
  74  7:35  Roach  
  74  7:36  Hatchery, Roach  
  77  7:41  Roach  
  77  7:42  Roach x3  
  79  7:44  Zerg Missile Weapons Level 1  
  79  7:45  Zerg Ground Armor Level 1  
  79  7:47  Roach  
  79  7:50  Queen  
  77  8:03  Nydus Network  
  77  8:05  Queen  
  71  8:22  Glial Reconstitution  
  71  8:23  Roach  
  71  8:24  Roach x7  
  71  8:25  Queen, Roach  
  88  8:43  Spore Crawler  
  88  8:46  Hatchery  
  86  8:49  Roach  
  86  8:50  Roach x5  
  90  8:58  Nydus Canal  
  82  9:09  Drone x5  
  87  9:12  Drone  
  88  9:18  Drone x2, Roach x2  
  94  9:25  Drone x2  
  94  9:26  Drone x2  
  94  9:28  Drone, Extractor x2  
  97  9:45  Roach  
Show
View Real Time Build Order
Export as new Build Order

SpeCial Terran - Winner!

Build Orders: Reaper Expand, Hellion Banshee, Mech 

Get SALT Encoding   

  12  0:00  SCV  
  13  0:12  SCV  
  14  0:19  Supply Depot  
  14  0:25  SCV  
  15  0:41  SCV  
  15  0:42  Barracks  
  16  0:45  Refinery  
  16  0:53  SCV  
  17  1:05  SCV  
  18  1:17  SCV  
  19  1:30  Reaper, Orbital Command  
  20  1:39  Command Center  
  20  1:56  SCV  
  20  1:57  Supply Depot  
  21  2:02  Marine  
  21  2:08  Factory  
  22  2:09  SCV  
  23  2:15  Refinery  
  23  2:21  SCV  
  24  2:23  Barracks Reactor  
  24  2:34  SCV  
  25  2:46  SCV  
  26  2:54  Orbital Command  
  26  2:58  SCV  
  27  3:02  Starport  
  27  3:06  Hellion x2  
  27  3:10  SCV  
  32  3:20  SCV  
  32  3:22  SCV  
  34  3:27  Hellion x2  
  34  3:32  SCV  
  39  3:34  SCV  
  39  3:35  Supply Depot  
  39  3:39  Medivac  
  42  3:42  Barracks Tech Lab  
  42  3:43  Supply Depot  
  42  3:44  SCV  
  42  3:46  SCV  
  44  3:49  Hellion  
  46  3:57  SCV, Hellion  
  46  3:58  SCV  
  50  4:05  Supply Depot  
  50  4:09  SCV, Armory  
  51  4:10  SCV  
  51  4:13  Hellion  
  51  4:16  Cloaking Field  
  51  4:17  Banshee  
  54  4:18  Hellion  
  54  4:22  SCV  
  54  4:23  SCV  
  61  4:39  Command Center  
  61  4:40  SCV  
  64  4:46  Hellion x2  
  64  4:51  SCV  
  64  4:52  SCV  
  68  4:53  Refinery  
  68  4:55  Refinery  
  68  4:57  Barracks Reactor  
  68  4:58  Factory  
  68  4:59  Terran Vehicle Weapons Level 1  
  68  5:06  SCV x2  
  70  5:16  Supply Depot  
  70  5:18  SCV x2, Supply Depot  
  70  5:19  Hellion x2  
  76  5:30  SCV  
  76  5:31  SCV  
  78  5:37  Banshee  
  78  5:42  Supply Depot  
  81  5:43  SCV  
  81  5:46  SCV  
  83  5:51  Orbital Command  
  83  5:53  Cyclone x3  
  83  5:55  SCV  
  83  5:56  Cyclone  
  96  6:00  SCV  
  97  6:07  SCV  
  97  6:12  SCV  
  98  6:18  SCV  
  98  6:19  SCV  
  98  6:24  Banshee, SCV  
  98  6:25  Hellion x2  
  108  6:26  Hellion  
  108  6:30  SCV  
  108  6:31  SCV  
  107  6:45  SCV  
  107  6:46  Factory x2  
  108  6:47  SCV, Factory  
  108  6:52  SCV  
  102  6:54  Refinery  
  102  6:55  Refinery  
  102  6:57  SCV  
  102  6:58  Hellion x2  
  102  6:59  SCV  
  103  7:04  SCV  
  99  7:09  SCV  
  99  7:11  SCV  
  99  7:12  Hellion x2  
  99  7:16  Terran Vehicle Weapons Level 2  
  99  7:17  SCV  
  99  7:21  SCV  
  99  7:23  SCV  
  99  7:29  SCV  
  99  7:30  Hellion, Supply Depot x2  
  99  7:31  Hellion  
  99  7:33  Starport Reactor, SCV  
  104  7:38  SCV  
  104  7:42  Factory Tech Lab, Hellion x2  
  104  7:43  Infernal Pre-Igniter, Siege Tank  
  104  7:45  Factory Tech Lab  
  104  7:46  SCV  
  103  7:52  Hellion x2  
  103  7:53  Armory, Command Center  
  103  8:02  Siege Tank  
  103  8:03  Siege Tank, Hellion  
  103  8:04  Hellion  
  110  8:13  Hellion x2  
  110  8:15  Siege Tank  
  117  8:20  Viking  
  117  8:21  Viking  
  117  8:25  Hellion x2  
  125  8:35  Siege Tank, Hellion x2  
  125  8:39  Supply Depot  
  125  8:40  Supply Depot  
  132  8:42  Siege Tank, Hellion x15  
  132  8:44  Supply Depot  
  132  8:46  Hellion  
  132  8:47  Hellion  
  139  8:52  Viking  
  141  9:01  Viking, Hellion  
  145  9:07  Hellion  
  145  9:08  Siege Tank  
  145  9:09  Siege Tank  
  153  9:10  Hellion x2  
  153  9:14  Siege Tank  
  160  9:22  Viking  
  162  9:29  Engineering Bay, Supply Depot  
  162  9:31  Refinery, Viking  
  164  9:33  Hellion x2  
  164  9:34  Hellion  
  164  9:35  Hellion  
  172  9:39  Refinery  

Tags
 
Add a new tag
Caveats
  • Supply blocks, unpowered buildings, or Contaminate may cause inaccurate times.
  • Supply counts are checked every 10 seconds.